 Dungeon Crawl Stone Soup version 0.31.0-12-g77e489cdc1 (webtiles) character file.

Game seed: 6801452559685194724

79 lordive the Ruffian (level 4, -2/24 HPs)
             Began as a Merfolk Shapeshifter on Feb 28, 2024.
             Slain by an orc
             ... wielding a +0 whip
              (7 damage)
             ... on level 3 of the Dungeon.
             The game lasted 00:02:07 (1713 turns).

lordive the Ruffian (Merfolk Shapeshifter)          Turns: 1713, Time: 00:02:08

Health: -2/24      AC:  0    Str: 14    XL:     4   Next: 38%
Magic:  4/4        EV: 16    Int: 11    God:
Gold:   90         SH:  0    Dex: 13    Spells: 3/3 levels left

rFire   . .          .
                       - Unarmed
rCold   . . .        (shield currently unavailable)
rNeg    . . .        a - melded +0 animal skin
rPois   .            (no helmet)
rElec   .            (no cloak)
rCorr   .            (no gloves)
SInv    .            (no boots)
Will    .....        (no amulet)
Stlth   +            (no ring)
HPRegen 0.24/turn    (no ring)
MPRegen 0.09/turn

%: no passive effects
@: flux-form, glowing
A: glow, contaminating, reduced hp, (nimble swimmer 2), mertail
a: Begin Untransformation


You were on level 3 of the Dungeon.
You were something dangerously unstable.
You visited 1 branch of the dungeon, and saw 3 of its levels.

You collected 90 gold pieces.

Inventory:

Armour
 a - a +0 animal skin (melded)
 i - the +6 ring mail of the Shouting Gods {rPois Str+2}
   (You found it on level 2 of the Dungeon)

   Str+2:     It affects your strength (+2).
   rPois:     It protects you from poison
Jewellery
 l - a +4 ring of protection
Talismans
 c - a beast talisman
 d - a flux talisman (active)
Scrolls
 f - a scroll of amnesia {unknown}
 h - a scroll of torment {unknown}
 j - a scroll of vulnerability {unknown}
 k - a scroll of revelation {unknown}
Potions
 b - a potion of lignification
 e - 2 potions of invisibility {unknown}
 g - a potion of curing {unknown}
 m - a potion of cancellation {unknown}


   Skills:
 + Level 1.2 Fighting
 + Level 3.0 Dodging
 + Level 4.9 Unarmed Combat
 + Level 4.6 Shapeshifting


You had 3 spell levels left.
You didn't know any spells.
Your spell library contained the following spells:

 Spells                   Type           Power      Damage    Failure   Level
 Blink                    Tloc           0%         N/A       47%         2
 Lesser Beckoning         Tloc           0%         N/A       47%         2
 Momentum Strike          Conj/Tloc      0%         3d8       47%         2
 Tukima's Dance           Hex            0%         N/A       71%         3
 Passage of Golubria      Tloc           0%         N/A       98%         4
 Yara's Violent Unravell  Hex/Alch       0%         3d3       100%        5


Dungeon Overview and Level Annotations

Branches:
Dungeon (3/15)

Altars:
Fedhas


Innate Abilities, Weirdness & Mutations

You are something dangerously unstable.
You glow with magical radiation, making you easy to see and hit.
Foes you strike become dangerously contaminated with magical radiation.
Your maximum health is decreased, since you lack skill for your form.
You are incapable of wielding weapons or throwing items.
((You are very nimble when in or above water. (Stealth+, EV+, Speed+++)))
Your lower body shifts to a powerful aquatic tail in water.


Message History

You hit the orc.
You kill the orc!
You closely miss the orc. The orc misses you.
You hit the orc.
The orc begins to glow.
The orc is heavily wounded.
The orc misses you. The orc closely misses you.
You hit the orc but do no damage.
The orc glows dangerously bright.
The orc is heavily wounded.
The orc closely misses you. The orc hits you with a +0 whip.
The orc hits you with a +0 short sword.
You are too injured to fight recklessly!
You are too injured to fight recklessly!
You are too injured to fight recklessly!
You are too injured to fight recklessly!
You are too injured to fight recklessly!
You are too injured to fight recklessly!
You are too injured to fight recklessly!
You are too injured to fight recklessly!
You are too injured to fight recklessly!
You are too injured to fight recklessly!
You are too injured to fight recklessly!
You are too injured to fight recklessly!
You are too injured to fight recklessly!
You are too injured to fight recklessly!
You are too injured to fight recklessly!
You hit the orc.
The orc begins to glow.
The orc is lightly wounded.
The orc misses you.
You hit the orc.
The orc glows dangerously bright.
The orc is severely wounded.
The orc hits you with a +0 club.
* * * LOW HITPOINT WARNING * * *
You hit the orc.
You kill the orc!
You hit the orc.
You kill the orc!
You hit the orc.
The orc begins to glow.
The orc is severely wounded.
The orc hits you with a +0 whip!
You die...

.######.####### ...
#.# .). ####.#### ..
#.......# .. #.......#
# #. #.......# ... #.
#.......#
.....#.##########'####
......)op.........#
.....#.############
... #. . #. .. .. ...
...


You could see an orc (contam).

Vanquished Creatures
  A gnoll (D:1)
  2 adders (D:2)
  2 dart slugs (D:1)
  3 orcs (D:3)
  5 bats
  4 endoplasms
  A giant cockroach (D:1)
  2 goblins (D:1)
  7 jackals
  2 quokkas
  3 ball pythons
  3 frilled lizards
  3 kobolds (D:2)
  4 rats
42 creatures vanquished.

Notes
Turn   | Place    | Note
-------+----------+-------------------------------------------
     0 | D:1      | lordive the Merfolk Shapeshifter began the quest for the
                  | Orb.
     0 | D:1      | Reached XP level 1. HP: 15/15 MP: 1/1
   136 | D:1      | Reached XP level 2. HP: 13/21 MP: 2/2
   330 | D:1      | Reached XP level 3. HP: 13/26 MP: 3/3
   922 | D:2      | Identified the +6 ring mail of the Shouting Gods {rPois
                  | Str+2}
  1276 | D:2      | Reached XP level 4. HP: 14/32 MP: 4/4
  1504 | D:2      | Found a faded altar of an unknown god.
  1545 | D:2      | Found a blossoming altar of Fedhas.
  1713 | D:3      | Slain by an orc

Illustrated notes

Levels and vault maps discovered:
D:1:      psy_arrival_basics, layout_loops_cross,
          amcnicky_mini_rare_corridor_liquid
D:2:      layout_basic, chequers_ecumenical_altar_lobes, basic_altar
D:3:      layout_basic, old_standard_altar, nicolae_kite_square_tiling_tiny,
          uniq_crazy_yiuf_cottage

Skill      XL: |  1  2  3 |
---------------+----------+-----
Unarmed Combat | 4 |  4.9
Dodging        | 3 |  3.0
Fighting       | |  1.2
Shapeshifting  | |  4.6

Action                     |  1- 3 |  4- 6 || total
---------------------------+-------+-------++-------
  Melee: Unarmed           |    83 |    36 ||   119
 Armour: Skin              |    33 |     8 ||    41
  Dodge: Dodged            |    69 |    30 ||    99
   Form: Flux              |     1 |       ||     1
